 Dungeon Sprint DCSS version 0.28.0-53-g5a82cb258f (webtiles) character file.

Game seed: 15210697821706694390

7374 Zeld the Warrior (level 10, -11/108 HPs)
             Began as a Minotaur Berserker on June 14, 2022.
             Was the Champion of Trog.
             Mangled by an orc warrior
             ... wielding a +0 glaive
              (14 damage)
             ... in the Dungeon (Sprint IX: "|||||||||||||||||||||||||||||").
             The game lasted 00:01:46 (2692 turns).

Zeld the Warrior (Minotaur Berserker)               Turns: 2692, Time: 00:01:47

Health: -11/108    AC:  6    Str: 26    XL:     10   Next: 91%
Magic:  3/3        EV: 17    Int:  4    God:    Trog [******]
Gold:   659        SH:  0    Dex: 10    Spells: 9/9 levels left

rFire   . . .      SeeInvis .   a - +4 executioner's axe (antimagic)
rCold   . . .      Faith    .   (shield currently unavailable)
rNeg    . . .      Spirit   .   b - +0 animal skin
rPois   .          Reflect  .   (helmet restricted)
rElec   .          Harm     .   k - +0 cloak
rCorr   .          Rampage  .   (no gloves)
Will    .....      NoTele   +   l - +0 pair of boots
Stlth   +.........              (no amulet)
HPRegen 0.28/turn               (no ring)
MPRegen 0.08/turn               (no ring)

@: on berserk cooldown, slowed, very slow
A: horns 2, retaliatory headbutt
a: Renounce Religion, Berserk, Trog's Hand, Brothers in Arms


You were in the Dungeon.
You worshipped Trog.
Trog was exalted by your worship.
You visited 1 branch You collected 659 gold pieces.

Inventory:

Hand Weapons
 a - a +4 antimagic executioner's axe (weapon)
 o - the +2 short sword "Ceapn" {venom, Str+3 Int+4 Dex+3}
   (You found it in the Dungeon)

   It poisons the flesh of those it strikes.
   Str:       It affects your strength (+3).
   Int:       It affects your intelligence (+4).
   Dex:       It affects your dexterity (+3).
Armour
 b - a +0 animal skin (worn)
 k - a +0 cloak (worn)
 l - a +0 pair of boots (worn)
Wands
 j - a wand of iceblast (10)
Scrolls
 h - 4 scrolls of blinking
 n - 2 scrolls of enchant weapon
 p - a scroll of fear
 q - a scroll of identify
Potions
 c - 6 potions of curing
 d - 11 potions of heal wounds
 e - a potion of haste
 f - 4 potions of magic
 g - a potion of berserk rage
 i - a potion of invisibility
 m - a potion of flight


   Skills:
 + Level 16.5 Fighting
 * Level 15.1 Axes
 + Level 16.3 Armour
 + Level 15.0 Dodging


You had 9 spell levels left.
You didn't know any spells.
Your spell library was empty.

Dungeon Overview and Level Annotations

Branches:
Dungeon (1/1)

Altars:
Cheibriados
Dithmenos
Elyvilon
Fedhas
Gozag
Hepliaklqana
Kikubaaqudgha
Makhleb
Nemelex Xobeh
Okawaru
Qazlal
Ru
Sif Muna
Trog
Uskayaw
Vehumet
Wu Jian
Xom
Yredelemnul
Zin
The Shining One
Beogh
Jiyva
Lugonu


Innate Abilities, Weirdness & Mutations

You have a pair of horns on your head.
You reflexively headbutt those who attack you in melee.


Message History

The orc knight barely misses you. You furiously retaliate!
You headbutt the orc knight, but do no damage.
You slice the orc knight!!
The orc knight is almost dead.
You are no longer berserk.
You are exhausted.
You feel yourself slow down. The orc knight closely misses you.
An orc warrior comes into view. It is wielding a +0 long sword.
Unknown command.
The orc warrior shouts!
You slash the orc knight!
You kill the orc knight!
Trog accepts your kill.
An orc wizard comes into view. It is wielding a +0 dagger.
Your Axes skill increases to level 15!
Your Dodging skill increases to level 15!
You closely miss the orc warrior.
The orc wizard shouts!
The orc warrior barely misses you.
The orc wizard mumbles some strange words.
The orc wizard flickers and vanishes!
Deactivating autopickup; reactivate with Ctrl-A.
The orc warrior hits you from afar with a +0 glaive!!
The orc warrior hits you with a +0 scimitar!!
* * * LOW HITPOINT WARNING * * *
You are too injured to fight recklessly!
You closely miss the orc warrior.
The orc warrior no longer looks unusually strong.
The orc warrior barely misses you.
The orc warrior hits you with a +0 scimitar.
* * * LOW HITPOINT WARNING * * *
An orc warrior comes into view. It is wielding a +0 halberd.
The orc warrior completely misses you.
The orc warrior hits you with a +0 scimitar!!
* * * LOW HITPOINT WARNING * * *
The orc warrior shouts!
You hit the orc warrior but do no damage.
The orc warrior no longer looks unusually strong. x3
The orc warrior hits you from afar with a +0 glaive!
You die...

▓▓▓▓▓▓▓▓▓▓▓▓▓▓▓▓▓▓▓▓▓▓▓▓
.))).)....))....@oooo{o.
▓▓▓▓▓▓▓▓▓▓▓▓▓▓▓▓▓▓▓▓▓▓▓▓▓▓▓▓▓▓▓▓▓
.................................
▓▓▓▓▓▓▓▓▓▓▓▓▓▓▓▓▓▓▓▓▓▓▓▓▓▓▓▓▓▓▓▓▓
..)......)'.........÷)........')†
▓▓▓▓▓▓▓▓▓▓▓▓▓▓▓▓▓▓▓▓▓▓▓▓▓▓▓▓▓▓▓▓▓
.................................
▓▓▓▓▓▓▓▓▓▓▓▓▓▓▓▓▓▓▓▓▓▓▓▓▓▓▓▓▓▓▓▓▓
÷....'________________________'.)


You could see 5 orc warriors.

Vanquished Creatures
  2 two-headed ogres (D)
  An orc knight (D)
  An orc sorcerer (D)
  A slime creature (D)
  2 cane toads (D)
  A komodo dragon (D)
  A tengu conjurer (D)
  A troll (D)
  5 yaks (D)
  A shadow (D)
  A wyvern (D)
  2 basilisks (D)
  4 wargs (D)
  2 hell hounds (D)
  3 water moccasins (D)
  A black bear (D)
  4 orc warriors (D)
  An ice beast (D)
  2 wolves (D)
  2 bullfrogs (D)
  A howler monkey (D)
  A hound (D)
  4 orc priests (D)
  A gnoll shaman (D)
  3 orc wizards (D)
  3 adders (D)
  4 orcs (D)
  A ball python (D)
  2 bats (D)
  A bat zombie (D)
  A giant cockroach (D)
  A goblin (D)
  A ball python zombie (D)
62 creatures vanquished.

Vanquished Creatures (collateral kills)
  A yak (D)
  A water moccasin (D)
2 creatures vanquished.

Grand Total: 64 creatures vanquished

Notes
Turn   | Place    | Note
-------+----------+-------------------------------------------
     0 | D        | Zeld the Minotaur Berserker began the quest for the Orb.
     0 | D        | Reached XP level 1. HP: 19/19 MP: 0/0
     8 | D        | Reached ** piety under Trog
   102 | D        | Noticed a hound
   102 | D        | Noticed an ice beast
   107 | D        | Killed a hound
   108 | D        | Reached skill level 5 in Fighting
   108 | D        | Reached XP level 2. HP: 29/29 MP: 1/1
   108 | D        | Reached XP level 3. HP: 36/36 MP: 2/2
   111 | D        | Reached *** piety under Trog
   115 | D        | Killed an ice beast
   116 | D        | Reached skill level 5 in Armour
   116 | D        | Reached skill level 5 in Dodging
   116 | D        | Reached XP level 4. HP: 22/45 MP: 3/3
   117 | D        | Reached XP level 5. HP: 25/51 MP: 4/4
   310 | D        | Found a snail-covered altar of Cheibriados.
   310 | D        | Found a shadowy altar of Dithmenos.
   310 | D        | Found a white marble altar of Elyvilon.
   310 | D        | Found a blossoming altar of Fedhas.
   310 | D        | Found an opulent altar of Gozag.
   312 | D        | Found a hazy altar of Hepliaklqana.
   313 | D        | Found a viscous altar of Jiyva.
   376 | D        | Found an ancient bone altar of Kikubaaqudgha.
   377 | D        | Found a corrupted altar of Lugonu.
   378 | D        | Found a burning altar of Makhleb.
   379 | D        | Found a sparkling altar of Nemelex Xobeh.
   380 | D        | Found an iron altar of Okawaru.
   381 | D        | Found a stormy altar of Qazlal.
   382 | D        | Found a sacrificial altar of Ru.
   383 | D        | Found a shimmering blue altar of Sif Muna.
   384 | D        | Found a bloodstained altar of Trog.
   385 | D        | Found a hide-covered altar of Uskayaw.
   386 | D        | Found a radiant altar of Vehumet.
   387 | D        | Found an ornate altar of the Wu Jian Council.
   388 | D        | Found a shimmering altar of Xom.
   389 | D        | Found a basalt altar of Yredelemnul.
   390 | D        | Found a glowing silver altar of Zin.
   391 | D        | Found a glowing golden altar of the Shining One.
   434 | D        | Noticed a yak
   434 | D        | Noticed a shadow
   436 | D        | Reached **** piety under Trog
   441 | D        | Killed a yak
   442 | D        | Reached skill level 10 in Axes
   442 | D        | Reached XP level 6. HP: 61/61 MP: 5/5
   445 | D        | Killed a shadow
   451 | D        | Reached XP level 7. HP: 44/69 MP: 6/6
   451 | D        | Reached ***** piety under Trog
   594 | D        | Noticed a troll
   594 | D        | Noticed a two-headed ogre
   594 | D        | Noticed a two-headed ogre
   594 | D        | Noticed a tengu conjurer
   594 | D        | Noticed a slime creature
   594 | D        | Noticed a slime creature
   596 | D        | Killed a troll
   600 | D        | Killed a two-headed ogre
   600 | D        | Received a gift from Trog
   601 | D        | Reached skill level 10 in Fighting
   601 | D        | Reached skill level 10 in Armour
   601 | D        | Reached XP level 8. HP: 81/81 MP: 7/7
   604 | D        | Killed a two-headed ogre
   605 | D        | Reached skill level 10 in Dodging
   608 | D        | Killed a tengu conjurer
   609 | D        | Reached XP level 9. HP: 89/91 MP: 8/8
   614 | D        | Killed a large slime creature
   909 | D        | Got the +2 short sword "Ceapn" {venom, Str+3 Int+4 Dex+3}
  1044 | D        | Noticed a cane toad
  1057 | D        | Noticed a cane toad
  1058 | D        | Received a gift from Trog
  1059 | D        | Killed a cane toad
  1072 | D        | Killed a cane toad
  1073 | D        | Reached XP level 10. HP: 27/104 MP: 3/9
  1658 | D        | Reached skill level 15 in Fighting
  1663 | D        | Reached ****** piety under Trog
  1663 | D        | Received a gift from Trog
  1667 | D        | Reached skill level 15 in Armour
  2010 | D        | Received a gift from Trog
  2290 | D        | Received a gift from Trog
  2307 | D        | Received a gift from Trog
  2610 | D        | Received a gift from Trog
  2674 | D        | Noticed an orc sorcerer
  2674 | D        | Noticed an orc knight
  2677 | D        | Killed an orc sorcerer
  2689 | D        | Killed an orc knight
  2690 | D        | Reached skill level 15 in Axes
  2690 | D        | Reached skill level 15 in Dodging
  2691 | D        | HP: 2/108 [orc warrior/+0 scimitar (24)]
  2692 | D        | Mangled by an orc warrior

Illustrated notes

Levels and vault maps discovered:
D:        linesprint [early_d, line_temple, items_1, d_10, items_2, lair_1,
          lair_end, items_3, orc_1, orc_end, items_4, d_15, swamp_1, shoals_1,
          snake_1, spider_1, d_20, vaults_1, items_5, swamp_end, shoals_end,
          snake_end, spider_end, vaults_end, d_27, items_6, zot_1, zot_end,
          crypt_end, forest_end, elf_end, slime_end, tomb_end, abyss_end,
          pan_hell_end]

Skill      XL: |  1  2  3  4  5  6  7  8  9 10 |
---------------+-------------------------------+-----
Axes           | 6 8 10 11 14 15 | 15.1
Fighting       | 5 6 7 8 10 12 14 16 | 16.5
Armour         | 4 5 7 8 10 12 14 16 | 16.3
Dodging        | 3 5 6 7 9 11 13 15 | 15.0

Action                   |  1- 3 |  4- 6 |  7- 9 | 10-12 || total
-------------------------+-------+-------+-------+-------++-------
Melee: Hand axe          |    20 |     4 |       |       ||    24
       Headbutt          |     3 |     4 |     8 |    11 ||    26
       Punch             |     1 |       |     1 |       ||     2
       Broad axe         |       |    13 |    18 |       ||    31
       Battleaxe         |       |       |    26 |    40 ||    66
       Executioner's axe |       |       |       |    38 ||    38
Invok: Berserk           |     1 |     1 |     2 |     4 ||     8
       Brothers in Arms  |       |       |       |     1 ||     1
 Stab: Sleeping          |     1 |       |       |       ||     1
Armor: Animal skin       |     3 |     1 |     6 |     3 ||    13
Dodge: Dodged            |     7 |    10 |    30 |    33 ||    80
